 Dungeon Crawl Stone Soup version 0.26-a0-113-gd8a95b691d (webtiles) character file.

Game seed: 9695719033389896797

0 Gargoyl the Skirmisher (level 1, -3/19 HPs)
             Began as a Centaur Abyssal Knight on June 26, 2020.
             Was a Follower of Lugonu.
             Slain by a sixfirhy (4 damage)
             ... on level 4 of the Abyss.
             The game lasted 00:00:47 (147 turns).

Gargoyl the Skirmisher (Centaur Abyssal Knight)      Turns: 147, Time: 00:00:47

Health: -3/19      AC:  7    Str: 14    XL:     1   Next: 0%
Magic:  0/2        EV:  6    Int: 11    God:    Lugonu [*.....]
Gold:   0          SH:  0    Dex:  8    Spells: 0/0 levels left

rFire    + + .     SeeInvis .   a - +1 hand axe
rCold    x . .     Faith    .   (no shield)
rNeg     . . .     Spirit   .   d - +0 fire dragon scales
rPois    .         Reflect  .   (no helmet)
rElec    .         Harm     .   (no cloak)
rCorr    .                      (no gloves)
MR       .....                  (no barding)
Stlth    ..........             (no amulet)
HPRegen  0.06/turn              (no ring)
MPRegen  0.08/turn              (no ring)

@: very quick
A: large, hooves 3, deformed body, speed 2, tough skin 3
a: Depart the Abyss, Renounce Religion


You were on level 4 of the Abyss.
You worshipped Lugonu.
Lugonu was aware of your devotion.
You were not hungry.

You visited 0 branches of the dungeon, and saw 0 of its levels.
You visited the Abyss 1 time.

Inventory:

Hand Weapons
 a - a +1 hand axe (weapon)
Armour
 d - +0 fire dragon scales (worn)
Comestibles
 c - a ration


   Skills:
 + Level 3.0 Fighting
 + Level 1.7 Axes
 + Level 1.3 Armour
 + Level 0.6 Dodging
 + Level 2.0 Invocations


You couldn't memorise any spells.
You didn't know any spells.
Your spell library contained the following spells:

 Spells                   Type           Power        Failure   Level  Hunger
 Apportation              Tloc           #.....       91%         1    ##.....
 Summon Butterflies       Summ           #.......     91%         1    ##.....
 Lesser Beckoning         Tloc           #.........   99%         3    ####...
 Tukima's Dance           Hex            #.......     99%         3    ####...
 Alistair's Intoxication  Tmut/Pois      #.......     100%        5    ######.
 Invisibility             Hex            #.......     100%        6    #######


Dungeon Overview and Level Annotations

Branches:
Dungeon (0/15)

Altars:


Innate Abilities, Weirdness & Mutations

You have hooves in place of feet.
Armour fits poorly on your strangely shaped body.
You cover ground very quickly.
You have extremely tough skin. (AC +3)


Message History

You bump into the stone wall.
A quasit comes into view.
The quasit gives a chilling moan.
You see here 24 gold pieces.
You feel less confused.
You don't have enough magic at the moment.
Unknown command.
A sixfirhy comes into view.
The great orb of eyes gazes at you. The sixfirhy hits you!
The sixfirhy shocks you!
* * * LOW HITPOINT WARNING * * *
The sixfirhy hits you but does no damage.
Unknown command.
Found a diamond ring.
A tentacled starspawn comes into view.
A tentacle flies out from the starspawn's body!
Found a pink potion.
A starspawn tentacle comes into view.
The sixfirhy hits you.
You die...

.# #..
.#.$........ ..
.#.... #....####
# .#..#. .... .
...
..##.#..#5#.###..
.. ...#.##.....
.#.##
#...5...#.#. .##
###..##.....###.
#...#..#.#.##
.#.@3##.#.##
#=..##....###
#... ...#w# ###
.##.!#X# #. #.#.#
. #..# .. ##. #.


You could see a tentacled starspawn, a sixfirhy, a starspawn tentacle and a
quasit.

Vanquished Creatures (others)
  A large abomination (Abyss:3)
1 creature vanquished.

Notes
Turn   | Place    | Note
-------+----------+-------------------------------------------
     0 | Abyss:1  | Gargoyl the Centaur Abyssal Knight began the quest for the
                  | Orb.
     0 | Abyss:1  | Reached XP level 1. HP: 19/19 MP: 2/2
    18 | Abyss:1  | Found a corrupted altar of Lugonu.
   106 | Abyss:3  | Killed a large abomination
   119 | Abyss:4  | Noticed a great orb of eyes
   133 | Abyss:4  | Noticed a quasit
   138 | Abyss:4  | Noticed a sixfirhy
   146 | Abyss:4  | Noticed a tentacled starspawn
   147 | Abyss:4  | Slain by a sixfirhy

Illustrated notes

Levels and vault maps discovered:
Abyss:4:  hangedman_abyss_rune_macabre_mess, evilmike_abyss_exit_glass

Action                   || total
-------------------------++-------
  Use: Scroll            ||     2
Armor: Fire dragon scale ||     1

Table legend:
 A = Non-vault XP
 B = Vault XP
 C = Vault XP percentage of total XP
 D = Non-vault monster count
 E = Vault monster count
 F = Vault count percentage of total count
                 A         B        C        D         E       F
            +---------+---------+-------+---------+---------+-------
      Total |       0 |       0 |   N/A |       0 |       0 |  -nan
            +---------+---------+-------+---------+---------+-------
            +---------+---------+-------+---------+---------+-------
